Map: 绿色温室 - 天梯版 (虚空)

Players

Scarlett - Winner!

  • Race: Zerg Zerg
  • Spawn Location: 1:00

Jim

  • Race: Protoss Protoss
  • Spawn Location: 7:00

Event: WESG 2016 Finals

VOD

Have the link to the VOD?

Description

Time

  • Played on: Jan. 13, 2017, 9:38 p.m.
  • Length: 6:21

All games in this series

Show
View Real Time Build Order
Export as new Build Order

Scarlett Zerg - Winner!

Build Orders: Hatch First, Ravager All-In 

Get SALT Encoding   

  12  0:00  Drone  
  13  0:12  Overlord  
  13  0:17  Drone  
  14  0:30  Drone  
  14  0:31  Drone  
  16  0:35  Drone  
  17  0:50  Hatchery  
  17  0:54  Drone  
  18  0:57  Drone  
  18  1:04  Extractor  
  17  1:11  Spawning Pool  
  17  1:15  Drone  
  17  1:18  Drone  
  18  1:28  Drone  
  19  1:38  Overlord  
  19  1:50  Drone  
  20  1:58  Queen  
  22  2:01  Drone  
  22  2:02  Zergling x2  
  24  2:08  Roach Warren  
  24  2:10  Extractor  
  24  2:13  Drone  
  25  2:25  Drone  
  26  2:31  Drone x2  
  26  2:33  Overlord  
  28  2:38  Queen  
  30  2:53  Roach  
  30  2:54  Roach  
  32  3:08  Overlord  
  32  3:13  Ravager  
  32  3:14  Queen  
  32  3:16  Ravager  
  32  3:19  Roach  
  38  3:34  Roach  
  40  3:42  Ravager, Roach  
  43  3:49  Queen  
  43  3:50  Overlord  
  43  3:52  Hatchery  
  43  3:54  Ravager  
  45  4:08  Roach x2  
  49  4:11  Ravager  
  49  4:12  Roach  
  52  4:19  Overlord  
  52  4:25  Queen  
  51  4:45  Ravager x3  
  54  4:46  Roach  
  54  4:48  Roach  
  58  5:01  Queen  
  60  5:16  Roach x4  
  68  5:27  Overlord  
  68  5:38  Overlord  
  68  5:40  Spore Crawler  
  68  6:00  Spore Crawler  
Show
View Real Time Build Order
Export as new Build Order

Jim Protoss 

Build Orders: Oracle Opening 

Get SALT Encoding   

  12  0:01  Probe (Chrono Boost)  
  13  0:11  Probe (Chrono Boost)  
  14  0:19  Pylon  
  14  0:22  Probe (Chrono Boost)  
  15  0:38  Probe (Chrono Boost)  
  15  0:40  Gateway  
  16  0:48  Probe (Chrono Boost)  
  17  0:59  Probe (Chrono Boost)  
  17  1:03  Forge  
  18  1:09  Pylon  
  19  1:11  Probe (Chrono Boost)  
  19  1:22  Probe (Chrono Boost)  
  19  1:24  Zealot  
  20  1:28  Assimilator  
  22  1:37  Photon Cannon  
  22  1:38  Photon Cannon  
  22  1:47  Probe (Chrono Boost)  
  23  1:51  Cybernetics Core  
  23  1:57  Probe (Chrono Boost)  
  23  2:01  Assimilator  
  24  2:08  Probe (Chrono Boost)  
  25  2:18  Probe (Chrono Boost)  
  25  2:22  Pylon  
  26  2:23  Warp Gate  
  26  2:28  Adept  
  28  2:30  Probe (Chrono Boost)  
  29  2:51  Mothership Core (Chrono Boost)  
  31  2:56  Nexus  
  31  3:05  Pylon  
  31  3:10  Probe (Chrono Boost)  
  32  3:15  Stargate  
  32  3:22  Probe (Chrono Boost)  
  32  3:24  Adept  
  36  3:34  Probe (Chrono Boost)  
  36  3:43  Pylon  
  36  3:46  Probe (Chrono Boost)  
  37  3:52  Pylon  
  37  3:56  Oracle  
  37  3:58  Probe (Chrono Boost)  
  41  4:09  Probe (Chrono Boost)  
  43  4:10  Probe (Chrono Boost)  
  43  4:20  Probe (Chrono Boost)  
  43  4:22  Probe (Chrono Boost), Assimilator  
  45  4:27  Oracle  
  45  4:30  Probe (Chrono Boost)  
  46  4:34  Probe (Chrono Boost)  
  50  4:41  Probe (Chrono Boost), Gateway  
  50  4:43  Gateway  
  51  4:49  Pylon  
  51  4:52  Stalker  
  56  5:08  Probe (Chrono Boost)  
  56  5:09  Probe (Chrono Boost)  
  56  5:11  Pylon  
  56  5:16  Stalker  
  56  5:20  Pylon  
  52  5:39  Sentry, Stalker  
  52  5:42  Pylon  
  53  5:48  Gateway  
  53  5:49  Gateway  
  53  5:52  Cybernetics Core  
  51  6:03  Pylon  
Tags
 
Add a new tag
Caveats
  • Supply blocks, unpowered buildings, or Contaminate may cause inaccurate times.
  • Supply counts are checked every 10 seconds.